 Dungeon Crawl Stone Soup version 0.29-a0-1052-g6990b1bffc (webtiles) character file.

Game seed: 17907033295191342228

809 Zeldest the Chopper (level 7, 0/37 HPs)
             Began as a Vine Stalker Fighter on Aug 18, 2022.
             Slain by a wyvern (8 damage)
             ... on level 5 of the Dungeon.
             The game lasted 00:03:31 (3268 turns).

Zeldest the Chopper (Vine Stalker Fighter)          Turns: 3268, Time: 00:03:31

Health: 0/37       AC: 11    Str: 26    XL:     7   Next: 92%
Magic:  0/8        EV:  4    Int:  8    God:
Gold:   213        SH: 13    Dex: 14    Spells: 6/6 levels left

rFire   . . .      SeeInvis .   d - +3 hand axe
rCold   . . .      Faith    .   t - +0 tower shield
rNeg    . . .      Spirit   +   r - +0 plate armour
rPois   .          Reflect  .   (no helmet)
rElec   .          Harm     .   (no cloak)
rCorr   .          Rampage  .   (no gloves)
Will    .....                   (no boots)
Stlth   ..........              o - amulet of regeneration
HPRegen 1.72/turn               u - +6 ring of strength
MPRegen 0.11/turn               (no ring)

@: no status effects
A: fangs 2, regeneration 1, magic shield, antimagic bite, no potion heal 2
a: no special abilities


You were on level 5 of the Dungeon.
You visited 1 branch of the dungeon, and saw 5 of its levels.

You collected 213 gold pieces.

Inventory:

Hand Weapons
 a - a +0 war axe
 d - a +3 hand axe (weapon)
Armour
 r - a +0 plate armour (worn)
 t - a +0 tower shield (worn)
Jewellery
 j - a +6 ring of intelligence
 o - an amulet of regeneration (around neck)
 u - a +6 ring of strength (left hand)
 v - a ring of protection from fire
Scrolls
 b - 2 scrolls of noise {unknown}
 c - a scroll of amnesia {unknown}
 e - 3 scrolls of fog {unknown}
 f - a scroll of immolation {unknown}
 g - 5 scrolls of identify {unknown}
 h - a scroll of fear {unknown}
 i - a scroll of vulnerability {unknown}
 k - 2 scrolls of teleportation {unknown}
 n - a scroll of enchant armour {unknown}
 s - 2 scrolls of poison {unknown}
 x - a scroll of blinking {unknown}
Potions
 l - 2 potions of magic {unknown}
 m - a potion of resistance {unknown}
 p - 3 potions of curing {unknown}
 q - a potion of brilliance {unknown}
 w - a potion of heal wounds {unknown}
 z - a potion of attraction {unknown}


   Skills:
 + Level 4.2 Fighting
 * Level 5.0 Axes
 + Level 3.9 Armour
 + Level 1.6 Dodging
 + Level 4.2 Shields


You had 6 spell levels left.
You didn't know any spells.
Your spell library contained the following spells:

 Spells                   Type           Power      Damage    Failure   Level
 Portal Projectile        Hex/Tloc       0%         N/A       100%        3
 Tukima's Dance           Hex            0%         N/A       100%        3
 Passage of Golubria      Tloc           0%         N/A       100%        4
 Blade Hands              Tmut           0%         N/A       100%        5
 Yara's Violent Unravell  Hex/Tmut       0%         3d3       100%        5


Dungeon Overview and Level Annotations

Branches:
Dungeon (5/15)
 Temple: D:4-7

Altars:
Cheibriados
Fedhas
Kikubaaqudgha
Vehumet


Innate Abilities, Weirdness & Mutations

You have extremely sharp teeth.
Your natural rate of healing is unusually fast.
When hurt, damage is shared between your health and your magic reserves.
Your bite disrupts and absorbs the magic of your enemies.
Potions cannot restore your health.


Message History

You miss something. You bite something. You drain its power.
You feel invigorated. You block something's attack.
Something hits you but does no damage. x2
A wyvern is nearby!
You slash something! Something hits you. Something hits you!
Okay, then.
You aren't carrying any items that you can evoke.
Unknown command.
Okay, then.
You barely miss something. Something completely misses you. Something hits you.
Something hits you but does no damage.
You slash something! Your bite misses something.
Something hits you but does no damage. Something hits you.
You slash something! Your bite misses something. Something hits you.
Something hits you but does no damage.
You hit something. Your bite misses something. Something hits you. x2
Something hits you but does no damage.
You hit something but do no damage. Something hits you but does no damage.
You block something's attack. Something hits you but does no damage.
You hit something.
Something hits you but does no damage. x2
You block something's attack.
You hit something.
Reactivating autopickup.
You feel a bit more experienced. The wyvern bites you!
Your Axes skill increases to level 5!
Okay, then.
You aren't carrying any items that you can evoke.
Unknown command.
Okay, then.
You hit the wyvern.
The wyvern is moderately wounded.
The wyvern bites you but does no damage.
The wyvern bites you!
* * * LOW HITPOINT WARNING * * *
You closely miss the wyvern.
The wyvern is moderately wounded.
The wyvern bites you.
* * * LOW HITPOINT WARNING * * *
The wyvern bites you!
You die...

# #### #.#... .
......#### ...
...#....###.....
........@l......
####...######## #...##
######## #...^#
#......#
#....###......#
#.............# .....
#.............#
.....#######.........#
.........# #.........#


You could see a wyvern.

Vanquished Creatures
  An unseen horror (D:5)
  A water moccasin (D:5)
  An ogre (D:5)
  A phantom (D:3)
  A necrophage (D:4)
  An orc priest (D:3)
  An iguana (D:4)
  3 adders
  4 gnolls (D:4)
  An ufetubus (D:4)
  2 dart slugs
  12 orcs
  5 endoplasms
  2 giant cockroaches
  6 goblins
  8 hobgoblins
  12 jackals
  6 ball pythons
  4 bats
  A frilled lizard (D:2)
  4 rats (D:1)
77 creatures vanquished.

Vanquished Creatures (others)
  A jackal (D:3)
  4 plants (D:5)
5 creatures vanquished.

Grand Total: 82 creatures vanquished

Notes
Turn   | Place    | Note
-------+----------+-------------------------------------------
     0 | D:1      | Zeldest the Vine Stalker Fighter began the quest for the
                  | Orb.
     0 | D:1      | Reached XP level 1. HP: 11/11 MP: 2/2
    26 | D:1      | Reached skill level 2 in Axes
    30 | D:1      | Reached XP level 2. HP: 7/16 MP: 1/3
   353 | D:1      | Found a faded altar of an unknown god.
   862 | D:2      | Reached XP level 3. HP: 19/19 MP: 4/4
  1618 | D:3      | Found a radiant altar of Vehumet.
  1675 | D:3      | Gained mutation: Your natural rate of healing is unusually
                  | fast. [Vine Stalker growth]
  1675 | D:3      | Reached XP level 4. HP: 23/24 MP: 3/5
  1827 | D:3      | Reached skill level 3 in Axes
  1884 | D:3      | Found an ancient bone altar of Kikubaaqudgha.
  1885 | D:3      | Noticed a phantom
  1903 | D:3      | Killed a phantom
  1904 | D:3      | Reached XP level 5. HP: 28/28 MP: 6/6
  2405 | D:4      | Found a blossoming altar of Fedhas.
  2466 | D:4      | Reached XP level 6. HP: 30/32 MP: 5/7
  2844 | D:4      | Noticed a torpor snail
  2845 | D:4      | Found a snail-covered altar of Cheibriados.
  2845 | D:4      | Noticed a torpor snail
  2884 | D:4      | Noticed a torpor snail
  2888 | D:4      | Reached skill level 4 in Axes
  3107 | D:5      | Entered Level 5 of the Dungeon
  3124 | D:5      | Noticed a water moccasin
  3131 | D:5      | Killed a water moccasin
  3132 | D:5      | Reached XP level 7. HP: 33/37 MP: 8/8
  3153 | D:5      | Reached skill level 1 in Dodging
  3255 | D:5      | Noticed a wyvern
  3266 | D:5      | Killed an unseen horror
  3267 | D:5      | Reached skill level 5 in Axes
  3268 | D:5      | Slain by a wyvern

Illustrated notes

Levels and vault maps discovered:
D:1:      psy_arrival_dodecagon, layout_rooms,
          hellmonk_ecumenical_altar_arch_garden, serial_rivers,
          chequers_serial_rivers_large_a, chequers_serial_rivers_small_a,
          chequers_serial_rivers_small_a, chequers_serial_rivers_large_b,
          chequers_serial_rivers_micro_b, chequers_serial_rivers_micro_a,
          minmay_pentomino_v4
D:2:      layout_basic
D:3:      layout_loops_ring, fiery_altar_vehumet,
          nicolae_kikubaaqudgha_miasma_corner, amcnicky_mini_pool_small,
          nicolae_kite_square_tiling_tiny, hangedman_decor_points,
          eino_tiny_chamber
D:4:      layout_basic, fedhas_altar_3, cheibriados_altar_2,
          serial_corexii_hall, corexii_hall_statues_t, corexii_hall_statues_i
D:5:      layout_basic, gammafunk_ghost_gnarly_gnolls

Skill      XL: |  1  2  3  4  5  6  7 |
---------------+----------------------+-----
Axes           | 2 3 4 5 |  5.0
Shields        | 3 4 |  4.2
Fighting       | 3 4 |  4.2
Armour         | 3 |  3.9
Dodging        | 1 |  1.6

Action                   |  1- 3 |  4- 6 |  7- 9 || total
-------------------------+-------+-------+-------++-------
Melee: War axe           |    82 |       |       ||    82
       Bite              |    19 |    17 |     5 ||    41
       Hand axe          |     8 |    81 |    32 ||   121
  Use: Potion            |     1 |       |       ||     1
Armor: Scale mail        |    41 |       |       ||    41
       Plate armour      |     6 |    65 |    21 ||    92
Dodge: Dodged            |    40 |    18 |     1 ||    59
Block: Buckler           |    24 |    16 |       ||    40
       Tower shield      |       |     9 |    20 ||    29

Table legend: (Time is in decaauts)
 A = Elapsed time spent in this place.
 B = Non-inter-level travel time spent in this place.
 C = Inter-level travel time spent in this place.
 D = Time resting spent in this place.
 E = Time spent auto-exploring this place.
 F = Levels seen in this place.
 G = Mean time per level.
                   A        B        C        D        E       F      G
               +--------+--------+--------+--------+--------+-----+--------+
         Total |   3399 |   3318 |     81 |    486 |   2212 |   5 |  679.8 |
       Dungeon |   3399 |   3318 |     81 |    486 |   2212 |   5 |  679.8 |
               +--------+--------+--------+--------+--------+-----+--------+

Top non-repeatable levels by time:
     D:3: 1165 daAuts
     D:1: 935 daAuts
     D:4: 729 daAuts
     D:2: 391 daAuts
     D:5: 177 daAuts
